 Dungeon Crawl Stone Soup version bcrawl-1.27.8b (webtiles) character file.

Game seed: 6799991027443953665

199889 LostNumber the Sneak (level 5, -1/30 HPs)
             Began as a Vine Stalker Archaeologist on Nov 11, 2020.
             Slain by a sky beast (5 damage)
             ... on level 3 of the Dungeon.
             The game lasted 00:03:11 (1691 turns).

LostNumber the Sneak (Vine Stalker Archaeologist)   Turns: 1691, Time: 00:03:11

Health: -1/30      AC:  6    Str: 15    XL:     5   Next: 59%
Magic:  6/6        EV: 13    Int: 14    God:
Gold:   66         SH:  0    Dex: 12    Spells: 4/4 levels left

rFire    . . .     SeeInvis .   i - +0 dagger (freeze)
rCold    . . .     Gourm    .   (no shield)
rNeg     . . .     Faith    .   b - +1 robe
rPois    .         Spirit   .   c - +1 hat
rElec    .         Reflect  .   (no cloak)
rCorr    .         Harm     .   (no gloves)
MR       .....                  d - +1 pair of boots
Stlth    +++.......             (no amulet)
HPRegen  0.50/turn              (no ring)
MPRegen  0.10/turn              (no ring)

@: no status effects
A: fangs 2, regeneration 1, no potion heal 3, rot immunity, strong jaws
a: no special abilities


You were on level 3 of the Dungeon.
You were hungry.

You visited 1 branch of the dungeon, and saw 3 of its levels.

You collected 66 gold pieces.

Inventory:

Hand Weapons
 a - a +0 whip
 i - a +0 dagger of freezing (weapon)
   (You took it off a kobold on level 1 of the Dungeon)
Armour
 b - a +1 robe (worn)
 c - a +1 hat (worn)
 d - a +1 pair of boots (worn)
 f - a +0 medium shield of cold resistance
   (You acquired it on level 2 of the Dungeon)
 p - a +1 hat
   (You found it on level 2 of the Dungeon)
Jewellery
 q - an uncursed amulet of guardian spirit {unknown}
   (You found it on level 2 of the Dungeon)
Scrolls
 g - a scroll of magic mapping
 h - a scroll of blinking {unknown}
 l - a scroll of identify {@r1}
 n - a scroll of remove curse {unknown}
Potions
 k - 2 potions of brilliance {unknown}
 m - a potion of heal wounds {unknown}
 o - 2 potions of curing {unknown}
 r - a potion of resistance {unknown}
Comestibles
 e - 3 rations {!d!d}
 j - a chunk of flesh


   Skills:
 + Level 2.3 Fighting
 - Level 2.2 Short Blades
 - Level 0.8 Maces & Flails
 - Level 3.7 Dodging
 - Level 5.5 Stealth
 + Level 0.4 Shields
 * Level 1.0 Unarmed Combat


You had 4 spell levels left.
You didn't know any spells.
Your spell library was empty.

Dungeon Overview and Level Annotations

Branches:
Dungeon (3/12)

Altars:
Fedhas

Annotations:
D:3 Purgy


Innate Abilities, Weirdness & Mutations

You have extremely sharp teeth.
Your natural rate of healing is unusually fast.
Potions cannot restore your health.
You are immune to rotting.
Your bites deal extra damage.


Message History

You hit the adder. You freeze the adder.
You kill the adder!
Your Unarmed Combat skill increases to level 1!
You start resting.
You feel sick. x4
Some of the chunks of flesh in your inventory have rotted away.
You feel sick. x5
You are no longer poisoned.
Unknown command.
You start resting.
You climb downwards.
Level annotation: Purgy The sky beast hits you.
The sky beast shocks you.
There is a stone staircase leading up, spattered with blood here.
You miss the sky beast. The sky beast misses you.
You barely miss the sky beast. The sky beast completely misses you.
You hit the sky beast but do no damage.
The sky beast hits you but does no damage.
You closely miss the sky beast.
The sky beast hits you but does no damage.
You hit the sky beast. The sky beast closely misses you.
You barely miss the sky beast.
The sky beast hits you but does no damage.
You hit the sky beast but do no damage. You hit the sky beast.
Your bite misses the sky beast. The sky beast hits you.
The sky beast shocks you.
You closely miss the sky beast. The sky beast barely misses you.
You hit the sky beast but do no damage. You bite the sky beast.
The sky beast barely misses you.
You barely miss the sky beast.
The sky beast flickers out of sight!
Deactivating autopickup; reactivate with Ctrl-A.
Something hits you. Something shocks you.
* * * LOW HITPOINT WARNING * * *
You are feeling hungry.
You miss something. Something hits you but does no damage.
You closely miss something. Something barely misses you.
Unknown command.
You closely miss something. Something hits you but does no damage.
You hit something. You freeze something. Something hits you.
* * * LOW HITPOINT WARNING * * *
Something shocks you.
* * * LOW HITPOINT WARNING * * *
You hit something. Something hits you.
* * * LOW HITPOINT WARNING * * *
Something shocks you.
You die...

####...
g.S....
.......
.......
.......
.......
.......###
.......{@#
#####+####
≈≈.≈....
.≈≈≈o...


There were no monsters in sight!

Vanquished Creatures
  An ogre (D:2)
  An adder (D:2)
  2 oozes (D:1)
  4 worms
  4 dart slugs
  5 leopard geckos
  An orc (D:2)
  3 giant cockroaches (D:2)
  7 goblins
  4 hobgoblins
  3 jackals (D:1)
  2 ball pythons
  6 bats
  2 frilled lizards (D:1)
  8 kobolds
  2 rats
55 creatures vanquished.

Notes
Turn   | Place    | Note
-------+----------+-------------------------------------------
     0 | D:1      | LostNumber the Vine Stalker Archaeologist began the quest
                  | for the Orb.
     0 | D:1      | Reached XP level 1. HP: 11/11 MP: 2/2
    51 | D:1      | Reached skill level 1 in Fighting
    65 | D:1      | Reached XP level 2. HP: 11/16 MP: 3/3
   303 | D:1      | Reached XP level 3. HP: 20/20 MP: 4/4
   415 | D:1      | Reached skill level 1 in Short Blades
   627 | D:1      | Reached skill level 5 in Stealth
   838 | D:2      | Reached XP level 4. HP: 21/26 MP: 5/5
   950 | D:2      | Noticed an ogre
   962 | D:2      | Killed an ogre
   962 | D:2      | Reached XP level 5. HP: 15/30 MP: 6/6
   962 | D:2      | Identified a scroll of acquirement
   963 | D:2      | Identified the ring "Suuggakk" {*Contam MR+ Str+2 Dex+5}
                  | (You acquired it on level 2 of the Dungeon)
  1580 | D:3      | Found a blossoming altar of Fedhas.
  1584 | D:3      | Noticed Purgy
  1637 | D:3      | Noticed a sky beast
  1648 | D:2      | Reached skill level 1 in Unarmed Combat
  1691 | D:3      | Slain by a sky beast

Skill      XL: |  1  2  3  4  5 |
---------------+----------------+-----
Fighting       | 1 2 |  2.3
Short Blades   | 1 2 |  2.2
Stealth        | 5 |  5.5
Unarmed Combat | 1 |  1.0
Maces & Flails | |  0.8
Dodging        | |  3.7
Shields        | |  0.4

Action                   |  1- 3 |  4- 6 || total
-------------------------+-------+-------++-------
Melee: Whip              |    19 |       ||    19
       Bite              |    19 |     9 ||    28
       Dagger            |   133 |   101 ||   234
  Use: Scroll            |       |     1 ||     1
 Stab: Sleeping          |     3 |     5 ||     8
  Eat: Chunk             |     3 |     5 ||     8
Armor: Robe              |    64 |    32 ||    96
Dodge: Dodged            |   160 |    54 ||   214
